2809 views
Uploaded 2020-02-14 15:09:55
Game version 1.32 / 1.32.1
12:24 long 4on4 ladder game on (8)Battleground_LV
Saved by Teelo
2809 views
Uploaded 2020-02-14 15:09:55
Game version 1.32 / 1.32.1
12:24 long 4on4 ladder game on (8)Battleground_LV


66 units @ 6.9k
/ 0.6k
37 buildings @ 6.5k
/ 2.2k

| Healing Salve | 1 | 100 |
| total: | 1 | 100g |
| Peon | 8 | 600 | / | 0 |
| Troll Headhunter | 5 | 700 | / | 100 |
| total: | 13 | 1300g | / | 100w |
| Watch Tower | 2 | 220 | / | 160 |
| Altar of Storms | 1 | 180 | / | 50 |
| Orc Burrow | 4 | 640 | / | 160 |
| Voodoo Lounge | 1 | 130 | / | 30 |
| War Mill | 1 | 205 | / | 0 |
| Barracks | 2 | 360 | / | 100 |
| Spirit Lodge | 1 | 150 | / | 150 |
| Stronghold | 1 | 315 | / | 190 |
| total: | 12 | 1885g | / | 650w |
| 0:02 | Peon |
| 0:02 | Peon |
| 0:09 | Altar of Storms |
| 0:19 | Orc Burrow |
| 0:22 | Peon |
| 0:33 | Peon |
| 0:49 | Voodoo Lounge |
| 0:53 | Peon |
| 1:01 | Peon |
| 1:29 | War Mill |
| 1:38 | Orc Burrow |
| 1:45 | Peon |
| 2:08 | Healing Salve |
| 2:11 | Endurance Aura |
| 2:24 | Barracks |
| 2:56 | Barracks |
| 3:03 | Stronghold |
| 3:42 | Steel Ranged Weapons |
| 3:42 | Troll Headhunter |
| 3:59 | Troll Headhunter |
| 4:19 | Troll Headhunter |
| 4:24 | Orc Burrow |
| 4:52 | Steel Armor |
| 5:06 | War Stomp |
| 5:15 | Troll Headhunter |
| 5:37 | Orc Burrow |
| 5:45 | Reinforced Defenses |
| 5:45 | Peon |
| 5:52 | Spirit Lodge |
| 6:32 | Troll Headhunter |
| 6:32 | Troll Regeneration |
| 7:40 | Watch Tower |
| 7:40 | Watch Tower |
| Chat | 551 |
| Select group | 419 |
| Right click | 407 |
| Select | 138 |
| Build/train/purchase | 26 |
| Assign group | 24 |
| Use ability | 4 |
| Misc. action | 2 |

| Healing Salve | 2 | 200 |
| Lesser Clarity Potion | 1 | 70 |
| total: | 3 | 270g |
| Peon | 9 | 675 | / | 0 |
| Troll Headhunter | 9 | 1260 | / | 180 |
| Forest Troll Shadow Priest | 1 | 195 | / | 10 |
| Crypt Fiend | 2 | 430 | / | 80 |
| total: | 21 | 2560g | / | 270w |
| Altar of Storms | 1 | 180 | / | 50 |
| Orc Burrow | 3 | 480 | / | 120 |
| Barracks | 2 | 360 | / | 100 |
| Voodoo Lounge | 1 | 130 | / | 30 |
| War Mill | 1 | 205 | / | 0 |
| Great Hall | 1 | 385 | / | 185 |
| Stronghold | 1 | 315 | / | 190 |
| Fortress | 1 | 325 | / | 190 |
| Halls of the Dead | 1 | 320 | / | 210 |
| total: | 9 | 1740g | / | 485w |
| 0:04 | Peon |
| 0:04 | Peon |
| 0:15 | Altar of Storms |
| 0:19 | Orc Burrow |
| 0:20 | Peon |
| 0:39 | Peon |
| 0:47 | Barracks |
| 0:53 | Peon |
| 1:09 | Peon |
| 1:10 | Peon |
| 1:28 | Voodoo Lounge |
| 1:30 | Peon |
| 1:50 | Orc Burrow |
| 1:56 | Peon |
| 2:14 | War Mill |
| 2:18 | Shockwave |
| 2:32 | Barracks |
| 2:47 | Orc Burrow |
| 3:03 | Healing Salve |
| 3:04 | Lesser Clarity Potion |
| 3:26 | Troll Headhunter |
| 3:40 | Troll Headhunter |
| 3:43 | Troll Headhunter |
| 3:55 | Troll Headhunter |
| 4:26 | Stronghold |
| 4:40 | Troll Headhunter |
| 4:50 | Endurance Aura |
| 4:55 | Steel Ranged Weapons |
| 5:01 | Troll Headhunter |
| 5:31 | Troll Headhunter |
| 5:57 | Forest Troll Shadow Priest |
| 6:19 | Halls of the Dead |
| 6:21 | Crypt Fiend |
| 6:25 | Great Hall |
| 7:03 | Crypt Fiend |
| 7:08 | Fortress |
| 7:11 | Healing Salve |
| 7:18 | Troll Regeneration |
| 8:03 | Troll Headhunter |
| 8:03 | Troll Headhunter |
| Right click | 406 |
| Select | 189 |
| Select group | 70 |
| Build/train/purchase | 34 |
| Assign group | 18 |
| Use ability | 11 |
| Chat | 9 |
| Misc. action | 3 |
| Item give/drop | 1 |

| Ghoul | 3 | 360 | / | 0 |
| Crypt Fiend | 2 | 430 | / | 80 |
| Acolyte | 2 | 150 | / | 0 |
| total: | 7 | 940g | / | 80w |
| Spirit Tower | 1 | 145 | / | 40 |
| Crypt | 1 | 200 | / | 50 |
| Ziggurat | 2 | 300 | / | 100 |
| Graveyard | 1 | 215 | / | 0 |
| Altar of Darkness | 1 | 180 | / | 50 |
| total: | 5 | 895g | / | 200w |
| 0:19 | Crypt |
| 1:14 | Ziggurat |
| 1:23 | Ghoul |
| 1:44 | Ghoul |
| 1:57 | Graveyard |
| 2:32 | Altar of Darkness |
| 3:23 | Crypt Fiend |
| 3:24 | Crypt Fiend |
| 3:29 | Ziggurat |
| 3:58 | Spirit Tower |
| 4:26 | Acolyte |
| 4:27 | Acolyte |
| 4:34 | Ghoul |
| 4:45 | Carrion Swarm |
| Right click | 70 |
| Select | 49 |
| Build/train/purchase | 10 |
| Chat | 10 |
| Use ability | 3 |


| Wisp | 17 | 1020 | / | 0 |
| Archer | 6 | 780 | / | 60 |
| Dryad | 1 | 145 | / | 60 |
| Druid of the Talon | 1 | 145 | / | 20 |
| total: | 25 | 2090g | / | 140w |
| Altar of Elders | 1 | 180 | / | 50 |
| Moon Well | 4 | 720 | / | 160 |
| Ancient of War | 1 | 150 | / | 60 |
| Ancient of Wonders | 1 | 90 | / | 30 |
| Hunter's Hall | 1 | 210 | / | 100 |
| Tree of Life | 1 | 340 | / | 185 |
| Ancient of Lore | 1 | 155 | / | 145 |
| Ancient of Wind | 1 | 150 | / | 140 |
| Tree of Ages | 2 | 640 | / | 360 |
| total: | 11 | 1995g | / | 870w |
| 0:05 | Wisp |
| 0:05 | Wisp |
| 0:06 | Wisp |
| 0:14 | Altar of Elders |
| 0:20 | Moon Well |
| 0:37 | Ancient of War |
| 0:43 | Wisp |
| 0:56 | Wisp |
| 1:21 | Wisp |
| 1:21 | Wisp |
| 1:30 | Moon Well |
| 1:38 | Archer |
| 1:52 | Wisp |
| 1:59 | Ancient of Wonders |
| 2:05 | Archer |
| 2:17 | Force of Nature |
| 2:33 | Archer |
| 2:39 | Moon Well |
| 2:42 | Wisp |
| 2:42 | Wisp |
| 2:42 | Wisp |
| 2:53 | Wisp |
| 3:25 | Tree of Ages |
| 3:46 | Entangling Roots |
| 3:50 | Moon Well |
| 4:00 | Archer |
| 4:42 | Hunter's Hall |
| 5:36 | Force of Nature |
| 5:50 | Tree of Life |
| 5:56 | Ancient of Lore |
| 6:07 | Wisp |
| 6:07 | Wisp |
| 6:08 | Wisp |
| 6:11 | Ancient of Wind |
| 6:27 | Wisp |
| 6:27 | Wisp |
| 6:35 | Improved Bows |
| 7:17 | Archer |
| 7:18 | Abolish Magic |
| 7:18 | Dryad |
| 7:19 | Druid of the Talon |
| 7:26 | Archer |
| 8:10 | Searing Arrows |
| Select group | 436 |
| Right click | 252 |
| Select | 252 |
| Misc. action | 67 |
| Build/train/purchase | 39 |
| Assign group | 20 |
| Use ability | 16 |
91 units @ 12k
/ 1.2k
68 buildings @ 9.8k
/ 4.5k

| Wisp | 16 | 960 | / | 0 |
| Archer | 5 | 650 | / | 50 |
| Hippogryph | 5 | 800 | / | 100 |
| total: | 26 | 2410g | / | 150w |
| Altar of Elders | 1 | 180 | / | 50 |
| Moon Well | 4 | 720 | / | 160 |
| Ancient of War | 2 | 300 | / | 120 |
| Hunter's Hall | 1 | 210 | / | 100 |
| Ancient of Wind | 3 | 450 | / | 420 |
| Tree of Ages | 1 | 320 | / | 180 |
| Tree of Eternity | 1 | 330 | / | 200 |
| total: | 11 | 1860g | / | 850w |
| 0:04 | Wisp |
| 0:08 | Altar of Elders |
| 0:15 | Moon Well |
| 0:16 | Wisp |
| 0:17 | Wisp |
| 0:43 | Wisp |
| 0:48 | Wisp |
| 0:49 | Wisp |
| 1:03 | Wisp |
| 1:13 | Wisp |
| 1:23 | Wisp |
| 1:25 | Wisp |
| 1:43 | Tree of Ages |
| 1:52 | Moon Well |
| 2:09 | Ancient of War |
| 2:11 | Mana Burn |
| 2:42 | Hunter's Hall |
| 2:55 | Moon Well |
| 3:11 | Archer |
| 3:31 | Archer |
| 3:47 | Archer |
| 3:49 | Moon Well |
| 4:04 | Wisp |
| 4:04 | Wisp |
| 4:11 | Evasion |
| 4:20 | Ancient of Wind |
| 4:23 | Ancient of Wind |
| 4:31 | Archer |
| 4:36 | Wisp |
| 4:37 | Wisp |
| 4:38 | Wisp |
| 4:39 | Wisp |
| 5:13 | Ancient of War |
| 5:15 | Ancient of Wind |
| 5:41 | Hippogryph |
| 5:48 | Improved Bows |
| 6:11 | Hippogryph |
| 6:12 | Hippogryph |
| 6:33 | Tree of Eternity |
| 6:41 | Mana Burn |
| 7:02 | Hippogryph |
| 7:19 | Hippogryph |
| 7:20 | Archer |
| 11:12 | Evasion |
| 11:12 | Mana Burn |
| Right click | 446 |
| Chat | 420 |
| Select group | 251 |
| Select | 129 |
| Assign group | 50 |
| Build/train/purchase | 41 |
| Use ability | 5 |
| Remove unit | 4 |
| Minimap ping | 4 |
| Resource trade | 4 |
| Esc | 2 |
| Misc. action | 1 |


| Rod of Necromancy | 2 | 300 |
| total: | 2 | 300g |
| Acolyte | 7 | 525 | / | 0 |
| Ghoul | 3 | 360 | / | 0 |
| Crypt Fiend | 6 | 1290 | / | 240 |
| Frost Wyrm | 1 | 385 | / | 120 |
| total: | 17 | 2560g | / | 360w |
| Crypt | 1 | 200 | / | 50 |
| Ziggurat | 6 | 900 | / | 300 |
| Graveyard | 1 | 215 | / | 0 |
| Altar of Darkness | 1 | 180 | / | 50 |
| Tomb of Relics | 1 | 130 | / | 30 |
| Necropolis | 1 | 225 | / | 0 |
| Sacrificial Pit | 1 | 75 | / | 150 |
| Boneyard | 2 | 350 | / | 400 |
| Halls of the Dead | 1 | 320 | / | 210 |
| Black Citadel | 1 | 325 | / | 230 |
| total: | 14 | 2275g | / | 980w |
| 0:04 | Acolyte |
| 0:04 | Acolyte |
| 0:09 | Crypt |
| 0:14 | Ziggurat |
| 0:32 | Graveyard |
| 0:45 | Altar of Darkness |
| 1:11 | Ghoul |
| 1:19 | Ziggurat |
| 1:26 | Ghoul |
| 1:40 | Ghoul |
| 1:52 | Tomb of Relics |
| 2:15 | Crypt Fiend |
| 2:35 | Crypt Fiend |
| 2:52 | Death Coil |
| 2:55 | Acolyte |
| 2:58 | Rod of Necromancy |
| 3:30 | Halls of the Dead |
| 4:11 | Unholy Aura |
| 4:19 | Necropolis |
| 4:35 | Crypt Fiend |
| 4:43 | Ziggurat |
| 4:59 | Rod of Necromancy |
| 6:05 | Death Coil |
| 6:12 | Crypt Fiend |
| 6:14 | Acolyte |
| 6:14 | Acolyte |
| 6:39 | Black Citadel |
| 7:26 | Frost Nova |
| 7:32 | Crypt Fiend |
| 7:33 | Acolyte |
| 7:33 | Acolyte |
| 7:35 | Sacrificial Pit |
| 8:22 | Crypt Fiend |
| 8:23 | Creature Attack |
| 9:35 | Boneyard |
| 9:35 | Boneyard |
| 9:37 | Ziggurat |
| 9:37 | Ziggurat |
| 9:39 | Creature Carapace |
| 10:30 | Improved Creature Attack |
| 10:36 | Frost Armor |
| 11:10 | Unholy Aura |
| 11:22 | Frost Wyrm |
| 11:40 | Ziggurat |
| 12:12 | Frost Nova |
| Right click | 559 |
| Select group | 175 |
| Select | 164 |
| Chat | 97 |
| Build/train/purchase | 42 |
| Assign group | 38 |
| Use ability | 17 |
| Misc. action | 3 |
| Item give/drop | 1 |

| Lesser Clarity Potion | 1 | 70 |
| Healing Salve | 1 | 100 |
| total: | 2 | 170g |
| Peon | 9 | 675 | / | 0 |
| Grunt | 9 | 1800 | / | 0 |
| Spirit Walker | 1 | 195 | / | 35 |
| Tauren | 7 | 1960 | / | 560 |
| total: | 26 | 4630g | / | 595w |
| Watch Tower | 3 | 330 | / | 240 |
| Altar of Storms | 1 | 180 | / | 50 |
| Orc Burrow | 6 | 960 | / | 240 |
| Barracks | 1 | 180 | / | 50 |
| War Mill | 2 | 410 | / | 0 |
| Voodoo Lounge | 1 | 130 | / | 30 |
| Great Hall | 1 | 385 | / | 185 |
| Tauren Totem | 4 | 540 | / | 620 |
| Stronghold | 1 | 315 | / | 190 |
| Fortress | 1 | 325 | / | 190 |
| total: | 19 | 3115g | / | 1415w |
| 0:02 | Peon |
| 0:02 | Peon |
| 0:02 | Peon |
| 0:27 | Altar of Storms |
| 0:34 | Orc Burrow |
| 0:37 | Peon |
| 0:37 | Peon |
| 0:53 | Barracks |
| 0:59 | Peon |
| 1:02 | Peon |
| 1:23 | War Mill |
| 1:34 | War Mill |
| 1:51 | Orc Burrow |
| 2:00 | Grunt |
| 2:11 | Voodoo Lounge |
| 2:20 | Pillage |
| 2:46 | Shockwave |
| 2:54 | Grunt |
| 3:09 | Stronghold |
| 3:26 | Watch Tower |
| 3:42 | Grunt |
| 4:05 | Grunt |
| 4:10 | Orc Burrow |
| 4:12 | Orc Burrow |
| 4:27 | Endurance Aura |
| 4:31 | Grunt |
| 4:41 | Watch Tower |
| 4:48 | Lesser Clarity Potion |
| 5:14 | Grunt |
| 5:16 | Steel Melee Weapons |
| 5:43 | Berserker Strength |
| 5:48 | Peon |
| 5:48 | Peon |
| 6:00 | Tauren Totem |
| 6:03 | Tauren Totem |
| 6:07 | Tauren Totem |
| 6:22 | Endurance Aura |
| 6:24 | Healing Salve |
| 6:35 | Fortress |
| 6:50 | Grunt |
| 7:14 | Grunt |
| 7:20 | Steel Armor |
| 7:44 | Grunt |
| 8:11 | Spirit Walker |
| 8:11 | Spirit Walker Adept Training |
| 8:45 | Shockwave |
| 9:17 | Tauren |
| 9:20 | Tauren Totem |
| 9:43 | Thorium Melee Weapons |
| 9:43 | Thorium Armor |
| 9:57 | Endurance Aura |
| 10:17 | Pulverize |
| 10:21 | Reinforced Defenses |
| 10:40 | Tauren |
| 10:40 | Tauren |
| 10:46 | Tauren |
| 10:47 | Tauren |
| 10:50 | Spirit Walker Master Training |
| 10:51 | Tauren |
| 10:51 | Tauren |
| 11:22 | Great Hall |
| 11:24 | Watch Tower |
| 11:46 | Orc Burrow |
| 11:48 | Orc Burrow |
| Select group | 228 |
| Chat | 179 |
| Right click | 172 |
| Select | 91 |
| Assign group | 57 |
| Misc. action | 52 |
| Build/train/purchase | 51 |
| Use ability | 16 |
| Remove unit | 3 |
| Item give/drop | 1 |
| Esc | 1 |

| Lesser Clarity Potion | 6 | 420 |
| Scroll of Regeneration | 2 | 200 |
| Potion of Healing | 3 | 450 |
| Potion of Mana | 3 | 600 |
| Orb of Fire | 1 | 325 |
| Scroll of Healing | 1 | 250 |
| Staff of Teleportation | 1 | 150 |
| Boots of Speed | 1 | 250 |
| total: | 18 | 2645g |
| Peasant | 15 | 1125 | / | 0 |
| Footman | 5 | 675 | / | 0 |
| Gryphon Rider | 2 | 560 | / | 140 |
| total: | 22 | 2360g | / | 140w |
| Scout Tower | 6 | 180 | / | 120 |
| Arcane Tower | 3 | 210 | / | 150 |
| Guard Tower | 2 | 140 | / | 100 |
| Altar of Kings | 2 | 360 | / | 100 |
| Farm | 7 | 560 | / | 140 |
| Barracks | 1 | 160 | / | 60 |
| Arcane Vault | 1 | 130 | / | 30 |
| Town Hall | 1 | 385 | / | 205 |
| Lumber Mill | 1 | 120 | / | 0 |
| Blacksmith | 2 | 280 | / | 120 |
| Gryphon Aviary | 3 | 420 | / | 450 |
| Keep | 1 | 320 | / | 210 |
| Castle | 1 | 360 | / | 210 |
| total: | 24 | 2595g | / | 1225w |
| 0:03 | Peasant |
| 0:03 | Peasant |
| 0:14 | Altar of Kings |
| 0:15 | Farm |
| 0:18 | Altar of Kings |
| 0:46 | Peasant |
| 0:46 | Peasant |
| 0:55 | Barracks |
| 1:10 | Farm |
| 1:15 | Peasant |
| 1:15 | Peasant |
| 1:23 | Farm |
| 1:47 | Scout Tower |
| 2:00 | Arcane Vault |
| 2:01 | Footman |
| 2:08 | Footman |
| 2:16 | Arcane Tower |
| 2:30 | Breath of Fire |
| 2:34 | Footman |
| 2:47 | Farm |
| 2:59 | Footman |
| 3:02 | Peasant |
| 3:02 | Peasant |
| 3:02 | Peasant |
| 3:21 | Footman |
| 3:39 | Peasant |
| 3:39 | Peasant |
| 3:47 | Defend |
| 3:55 | Drunken Haze |
| 4:00 | Lesser Clarity Potion |
| 4:00 | Scroll of Regeneration |
| 4:38 | Peasant |
| 4:38 | Peasant |
| 4:39 | Peasant |
| 4:58 | Town Hall |
| 5:03 | Scout Tower |
| 5:05 | Scout Tower |
| 5:15 | Lumber Mill |
| 5:23 | Scout Tower |
| 5:39 | Arcane Tower |
| 5:45 | Breath of Fire |
| 5:58 | Keep |
| 6:15 | Scout Tower |
| 6:25 | Guard Tower |
| 6:27 | Scout Tower |
| 6:35 | Peasant |
| 6:41 | Scroll of Regeneration |
| 6:41 | Lesser Clarity Potion |
| 6:43 | Lesser Clarity Potion |
| 6:59 | Farm |
| 7:02 | Blacksmith |
| 7:05 | Blacksmith |
| 7:17 | Guard Tower |
| 7:20 | Improved Masonry |
| 7:32 | Staff of Teleportation |
| 7:33 | Scroll of Healing |
| 7:34 | Boots of Speed |
| 7:43 | Farm |
| 8:30 | Drunken Haze |
| 8:42 | Castle |
| 8:43 | Improved Lumber Harvesting |
| 8:48 | Gryphon Aviary |
| 8:50 | Gryphon Aviary |
| 8:54 | Gryphon Aviary |
| 8:58 | Farm |
| 9:13 | Lesser Clarity Potion |
| 9:13 | Potion of Healing |
| 9:13 | Potion of Mana |
| 10:05 | Iron Forged Swords |
| 10:08 | Advanced Masonry |
| 11:09 | Gryphon Rider |
| 11:15 | Potion of Healing |
| 11:16 | Lesser Clarity Potion |
| 11:16 | Potion of Mana |
| 11:18 | Potion of Mana |
| 11:19 | Potion of Healing |
| 11:19 | Lesser Clarity Potion |
| 11:22 | Gryphon Rider |
| 11:49 | Orb of Fire |
| 11:58 | Storm Hammers |
| Right click | 468 |
| Select | 251 |
| Build/train/purchase | 80 |
| Chat | 68 |
| Select group | 63 |
| Use ability | 19 |
| Assign group | 7 |
| Item give/drop | 4 |
| Resource trade | 4 |
| Remove unit | 1 |
⇛